 Dungeon Crawl Stone Soup version 0.18-a0-987-g0b0e4e7 (webtiles) character file.

159 gorblad the Sneak (level 5, -6/39 HPs)
             Began as a Human Assassin on Jan 3, 2016.
             Killed by divine providence
             ... invoked by an orc priest
              (17 damage)
             ... on level 3 of the Dungeon.
             The game lasted 00:07:21 (2332 turns).

gorblad the Sneak (Human Assassin)                  Turns: 2332, Time: 00:07:21

Health: -6/39      AC:  7    Str: 12    XL:     5   Next: 68%
Magic:  5/5        EV: 11    Int: 11    God:
Gold:   105        SH:  0    Dex: 15    Spells: 0 memorised, 4 levels left

rFire  . . .     SeeInvis .     n - +1 dagger (freeze)
rCold  . . .     Gourm    .     s - +0 ring mail
rNeg   . . .     Faith    .     (no shield)
rPois  .         Spirit   .     (no helmet)
rElec  .         Dismiss  .     d - +0 cloak
rCorr  .         Reflect  .     (no gloves)
SustAt .         Harm     .     h - +0 pair of boots
MR     .....                    (no amulet)
Stlth  +++.......               m - ring of stealth
                                r - ring of flight

@: not resistant to hostile enchantments, fairly stealthy
A: no striking features
a: Evoke Flight


You were on level 3 of the Dungeon.
You were not hungry.

You visited 1 branch of the dungeon, and saw 3 of its levels.

You collected 105 gold pieces.

Inventory:

Hand Weapons
 a - a +2 dagger
 b - a +0 blowgun
 n - a +1 dagger of freezing (weapon)
Missiles
 e - 8 poisoned needles
 f - 2 curare-tipped needles
Armour
 c - a +0 robe
 d - a +0 cloak (worn)
 h - a +0 pair of boots (worn)
 s - a +0 ring mail (worn)
Jewellery
 l - an uncursed ring of magical power {unknown}
 m - a ring of stealth (right hand)
 r - a ring of flight (left hand)
Scrolls
 u - a scroll of enchant armour {unknown}
 w - 2 scrolls of remove curse {unknown}
Potions
 i - a potion of might {unknown}
 k - a potion of curing {unknown}
 q - 2 potions of brilliance {unknown}
 t - a potion of agility {unknown}
 v - a potion of degeneration {unknown}
 z - a potion of flight {unknown}
Comestibles
 g - a bread ration
 j - 14 chunks of flesh
 o - 2 meat rations
 p - a beef jerky
 x - a royal jelly


   Skills:
 + Level 2.6 Fighting
 - Level 2.0 Short Blades
 - Level 2.0 Throwing
 + Level 3.2 Dodging
 + Level 5.5 Stealth


You had 4 spell levels left.
You didn't know any spells.

Dungeon Overview and Level Annotations

Branches:
Dungeon (3/15)

Altars:
Yredelemnul


Message History

You are too injured to fight recklessly!
You are too injured to fight recklessly!
You are too injured to fight recklessly!
You are too injured to fight recklessly!
You are too injured to fight recklessly!
You are too injured to fight recklessly!
You are too injured to fight recklessly!
You hit the orc priest. You freeze the orc priest.
The orc priest is moderately wounded.
The orc priest completely misses you.
You hit the orc priest. You freeze the orc priest.
The orc priest is heavily wounded.
You hit the orc priest. You freeze the orc priest.
The orc priest is heavily wounded.
The orc priest hits you but does no damage.
You hit the orc priest. You freeze the orc priest.
The orc priest is almost dead.
The orc priest calls down the wrath of Beogh upon you.
Something smites you!
You die...

#? #รท# #####
##...####.######....
..>.........)..'....
#########.######....
#######.# #.[..
#.......# #.[..
#.#.....# #####
#<#.....# #@#.....#
#o#.....#
.......K#.....#
####....#.....#
#....####### #....#
#....# #....# #....#


You could see an orc priest and a kobold.

Vanquished Creatures
  Ijyb (D:2)
  6 adders
  2 worms
  2 giant geckos
  3 orcs (D:3)
  5 giant cockroaches
  6 goblins
  8 hobgoblins
  7 jackals (D:2)
  6 kobolds
  A quokka (D:2)
  A ball python (D:1)
  7 bats
  2 giant newts (D:2)
  12 rats
69 creatures vanquished.

Notes
Turn   | Place    | Note
--------------------------------------------------------------
     0 | D:1      | gorblad the Human Assassin began the quest for the Orb.
     0 | D:1      | Reached XP level 1. HP: 16/16 MP: 1/1
   144 | D:1      | Reached XP level 2. HP: 22/22 MP: 2/2
   668 | D:1      | Reached XP level 3. HP: 23/27 MP: 3/3
  1079 | D:2      | Reached skill level 5 in Stealth
  1079 | D:2      | Reached XP level 4. HP: 6/33 MP: 4/4
  1555 | D:2      | Noticed Ijyb
  1577 | D:2      | Killed Ijyb
  1748 | D:2      | Reached XP level 5. HP: 22/39 MP: 5/5
  2097 | D:3      | Found a basalt altar of Yredelemnul.
  2332 | D:3      | Killed from afar by an orc priest

Vault maps used:
D:1:      dpeg_arrival_ratfight
D:2:      uniq_iyjb
D:3:      overflow_temple_1_default

Action                   |  1- 3 |  4- 6 || total
-------------------------+-------+-------++-------
Melee: Dagger            |   134 |   151 ||   285
  Use: Scroll            |     5 |     2 ||     7
 Stab: Sleeping          |     2 |     3 ||     5
  Eat: Chunk             |       |     5 ||     5
